 Dungeon Crawl Stone Soup version 0.29.1-2-gbd0b4ee654 (webtiles) character file.

Game seed: 15700074221853134660

20309 warriortoast the Covert (level 12, -5/51 HPs)
             Began as a Spriggan Enchanter on Nov 17, 2022.
             Was a High Priest of Fedhas.
             Slain by a catoblepas (11 damage)
             ... while petrified by a catoblepas
             ... on level 1 of the Lair of Beasts on Nov 18, 2022.
             The game lasted 01:24:20 (22721 turns).

warriortoast the Covert (Spriggan Enchanter)       Turns: 22721, Time: 01:24:21

Health: -5/51      AC:  4    Str:  6    XL:     12   Next: 44%
Magic:  24/25      EV:  4    Int: 25    God:    Fedhas [*****.]
Gold:   1225       SH:  0    Dex: 22    Spells: 8/27 levels left

rFire   . . .      SeeInvis +   a - +2 dagger (freeze)
rCold   + . .      Faith    .   (no shield)
rNeg    + + +      Spirit   .   U - +2 robe {rC+}
rPois   ∞          Reflect  .   (helmet restricted)
rElec   .          Harm     .   (no cloak)
rCorr   .          Rampage  .   (gloves unavailable)
Will    ++...                   (boots unavailable)
Stlth   ++++++....              k - amulet of the acrobat
HPRegen 0.17/turn               m - +6 ring of dexterity
MPRegen 0.19/turn               v - +6 ring of intelligence

@: petrified, studying Throwing, very quick
A: very small, no large weapons, unfitting armour, see invisible, speed 3
a: Renounce Religion, Wall of Briars, Grow Ballistomycete, Overgrow, Grow Oklob


You were on level 1 of the Lair of Beasts.
You worshipped Fedhas.
Fedhas was extremely pleased with you.
You visited 3 branches of the dungeon, and saw 15 of its levels.
You also visited: Bailey.

You collected 1395 gold pieces.
You spent 170 gold pieces at shops.

Inventory:

Hand Weapons
 a - a +2 dagger of freezing (weapon)
 e - a +0 shortbow
 i - a +0 sling
 H - a +4 short sword
Missiles
 o - 14 boomerangs
 w - 4 throwing nets
Armour
 b - a +1 robe
 A - +0 steam dragon scales
 E - the +1 buckler of Inaction {Contam Harm Str+7 SInv}
   (You took it off a gnoll sergeant on level 5 of the Dungeon)

   Str:       It affects your strength (+7).
   SInv:      It lets you see invisible.
   Contam:    It causes magical contamination when unequipped.
   Harm:      It increases damage dealt and taken.
 U - a +2 robe of cold resistance (worn)
Jewellery
 k - an amulet of the acrobat (around neck)
 m - a +6 ring of dexterity (left hand)
 t - a ring of fire
 v - a +6 ring of intelligence (right hand)
 y - a +4 ring of protection
 D - a +4 ring of evasion
 G - a ring of protection from fire
 P - an amulet of regeneration
 T - a ring of ice
 X - a +6 ring of intelligence
 Y - a +6 ring of dexterity
Wands
 r - a wand of polymorph (12)
 u - a wand of paralysis (12)
 B - a wand of iceblast (16)
 C - a wand of mindburst (37)
 K - a wand of light (4)
 L - a wand of flame (9)
Scrolls
 d - 9 scrolls of identify
 l - 9 scrolls of teleportation
 q - 2 scrolls of amnesia {unknown}
 x - 3 scrolls of enchant weapon
 F - a scroll of fear
 O - a scroll of silence {unknown}
 Q - a scroll of summoning {unknown}
 S - 2 scrolls of vulnerability {unknown}
Potions
 c - 3 potions of invisibility
 f - a potion of brilliance {unknown}
 g - 5 potions of attraction
 h - 7 potions of curing
 j - a potion of magic {unknown}
 n - 3 potions of resistance
 p - 2 potions of lignification {unknown}
 s - 4 potions of flight
 z - 4 potions of might
 J - a potion of cancellation {unknown}
 M - a potion of mutation {unknown}
 R - 3 potions of haste
 V - a potion of heal wounds {unknown}
Miscellaneous
 I - a condenser vane
 N - a phantom mirror
 W - a lightning rod (4/4)


   Skills:
 - Level 5.0 Short Blades
 + Level 8.8 Ranged Weapons
 - Level 8.0 Dodging
 + Level 13.5 Stealth
 - Level 8.0 Spellcasting
 - Level 8.0 Hexes
 - Level 8.0 Translocations
 + Level 6.6 Poison Magic
 + Level 7.7 Invocations
 + Level 6.9 Evocations


You had 8 spell levels left.
You knew the following spells:

 Your Spells              Type           Power      Damage    Failure   Level
a - Ensorcelled Hibernat  Hex/Ice        60%        N/A       1%          2
b - Confusing Touch       Hex            50%        N/A       1%          3
c - Tukima's Dance        Hex            50%        N/A       1%          3
d - Dazzling Flash        Conj/Hex       60%        N/A       3%          3
e - Blink                 Tloc           100%       N/A       1%          2
f - Ignite Poison         Fire/Tmut/Pois 21%        N/A       8%          3
g - Mephitic Cloud        Conj/Pois/Air  21%        N/A       8%          3

Your spell library contained the following spells:

 Spells                   Type           Power      Damage    Failure   Level
 Lesser Beckoning         Tloc           50%        N/A       1%          3
 Freeze                   Ice            40%        1d6       6%          1
 Manifold Assault         Tloc           50%        N/A       6%          5
 Frozen Ramparts          Ice            20%        1d4       19%         3
 Animate Armour           Summ/Erth      20%        N/A       52%         4
 Hailstorm                Conj/Ice       10%        3d5       52%         4
 Blade Hands              Tmut           5%         N/A       86%         5
 Freezing Cloud           Conj/Ice/Air   5%         6-21      86%         5
 Iron Shot                Conj/Erth      5%         9d2       100%        6


Dungeon Overview and Level Annotations

Branches:
Dungeon (13/15)            Temple (1/1) D:4            Lair (1/5) D:9
    Orc (0/2) D:12         Bailey (visited)
 Vaults: D:13-14

Altars:
Ashenzari
Cheibriados
Dithmenos
Elyvilon
Fedhas
Gozag
Hepliaklqana
Kikubaaqudgha
Makhleb
Nemelex Xobeh
Okawaru
Qazlal
Ru
Sif Muna
Trog
Uskayaw
Wu Jian
Xom
Yredelemnul
Zin
The Shining One

Shops:
D:4 *

Annotations:
D:8 sanboga's ghost, novice GrEE


Innate Abilities, Weirdness & Mutations

You are very small and have problems with some larger weapons.
You are too small for most types of armour.
You have supernaturally acute eyesight. (SInv)
You cover ground extremely quickly. (Speed+++)


Message History

Press: ? - help, Shift-Dir - straight line, f - you
Okay, then.
Casting: Tukima's Dance (safe; 1% risk of failure)
Confirm with . or Enter, or press ? or * to list all spells.
Aiming: Ensorcelled Hibernation (safe; 1% risk of failure)
Press: ? - help, Shift-Dir - straight line, f - catoblepas
Aim: a catoblepas (chance to affect: 5%)
Okay, then.
Casting: Ensorcelled Hibernation (safe; 1% risk of failure)
Confirm with . or Enter, or press ? or * to list all spells.
Your hands begin to glow red.
You hit the catoblepas but do no damage.
You hit the catoblepas but do no damage.
The catoblepas breathes a plume of calcifying dust at you.
The blast of calcifying dust hits you.
You hit the catoblepas but do no damage.
You punch the catoblepas, but do no damage.
You are engulfed in calcifying dust.
You are slowing down.
The catoblepas closely misses you.
The catoblepas breathes a plume of calcifying dust at you.
The blast of calcifying dust hits you!
Your limbs are stiffening.
The catoblepas barely misses you.
You hit the catoblepas but do no damage.
The catoblepas breathes a plume of calcifying dust at you.
The blast of calcifying dust hits you.
You have turned to stone.
You are engulfed in calcifying dust.
The catoblepas breathes a plume of calcifying dust at you.
The blast of calcifying dust hits you.
You are engulfed in calcifying dust.
The catoblepas gores you!!
You are engulfed in calcifying dust.
The catoblepas gores you!!
* * * LOW HITPOINT WARNING * * *
You are engulfed in calcifying dust.
Your hands stop glowing.
The catoblepas breathes a plume of calcifying dust at you.
The blast of calcifying dust hits you!
* * * LOW HITPOINT WARNING * * *
You are engulfed in calcifying dust.
The catoblepas gores you!!
You die...
Fedhas appreciates your contribution to the ecosystem.

........§....##
.............#
#.#+##.#.....#
......#.....## #
......#......#P.
........†........
####.##..........
.......Y........
.......@........
.......§........
.......§........
##########.#####
##


You could see a catoblepas.

Vanquished Creatures
  Kirke (D:12)
  Fannar (D:12)
  A boulder beetle (D:12)
  3 two-headed ogres
  A deep elf pyromancer (D:11)
  An orc knight (Bailey)
  2 cyclopes
  A manticore (D:12)
  3 ugly things
  A gargoyle (D:11)
  3 unseen horrors
  3 komodo dragons
  The ghost of superradish the Conjurer, a novice HuCj (D:5)
  A troll (D:10)
  A hornet (D:10)
  A vampire (D:12)
  Sigmund (D:3)
  4 wraiths
  6 yaks
  A shadow (D:10)
  3 wyverns
  4 basilisks
  Eustachio (D:6)
  4 hogs (D:12)
  3 vampire mosquitoes (D:12)
  A steam dragon (D:8)
  Menkaure (D:7)
  4 water moccasins
  Edmund (D:5)
  An acid dragon (D:9)
  3 sky beasts
  A black bear (D:7)
  4 ogres (D:5)
  2 ice beasts (D:6)
  10 orc warriors
  3 centaurs
  7 kobold brigands
  4 gnoll sergeants
  Blork the orc (D:6)
  5 bullfrogs
  A necrophage (D:6)
  4 scorpions
  4 wights (D:9)
  8 killer bees
  2 howler monkeys
  2 electric eels (D:7)
  3 hounds
  2 jellies (D:7)
  8 orc priests
  Jessica (D:3)
  3 gnoll boudas
  2 iguanas (D:6)
  Ijyb (D:3)
  Terence (D:2)
  12 orc wizards
  Robin (D:2)
  31 gnolls
  13 adders
  A shadow imp (D:5)
  2 white imps
  2 ufetubi
  A worm (D:7)
  4 dart slugs
  55 orcs
  6 endoplasms
  A giant cockroach (D:1)
  14 hobgoblins
  7 jackals
  8 quokkas
  A ball python (D:1)
  11 bats
  2 frilled lizards
  13 goblins
  19 kobolds
  4 rats
350 creatures vanquished.

Vanquished Creatures (collateral kills)
  A hog (D:12)
  A gnoll (D:7)
2 creatures vanquished.

Vanquished Creatures (others)
  6 plants (D:5)
6 creatures vanquished.

Grand Total: 358 creatures vanquished

Notes
Turn   | Place    | Note
-------+----------+-------------------------------------------
     0 | D:1      | warriortoast the Spriggan Enchanter began the quest for the
                  | Orb.
     0 | D:1      | Reached XP level 1. HP: 9/9 MP: 5/5
   279 | D:1      | Reached XP level 2. HP: 7/13 MP: 6/6
  1183 | D:1      | Found a faded altar of an unknown god.
  1202 | D:1      | Reached XP level 3. HP: 16/16 MP: 8/8
  1547 | D:1      | Learned a level 2 spell: Ensorcelled Hibernation
  1551 | D:1      | Learned a level 3 spell: Confusing Touch
  1555 | D:1      | Learned a level 3 spell: Tukima's Dance
  2402 | D:2      | Noticed Robin
  2694 | D:2      | Found a stormy altar of Qazlal.
  2695 | D:2      | Noticed Terence
  2741 | D:2      | Killed Terence
  2742 | D:2      | Reached skill level 1 in Ranged Weapons
  2742 | D:2      | Reached skill level 5 in Stealth
  2742 | D:2      | Reached XP level 4. HP: 21/21 MP: 4/9
  2773 | D:2      | Killed Robin
  3356 | D:3      | Noticed Sigmund
  3371 | D:3      | Noticed Jessica
  3676 | D:3      | Reached XP level 5. HP: 24/24 MP: 8/11
  4242 | D:3      | Killed Sigmund
  4243 | D:3      | Reached XP level 6. HP: 28/28 MP: 9/13
  4297 | D:3      | Reached skill level 6 in Stealth
  5309 | D:3      | Killed Jessica
  5322 | D:3      | Noticed Ijyb
  5330 | D:3      | Killed Ijyb
  6486 | D:4      | Reached skill level 5 in Hexes
  6486 | D:4      | Reached XP level 7. HP: 32/32 MP: 11/14
  6587 | D:4      | Reached skill level 5 in Dodging
  6705 | D:4      | Found Iptoukk's General Store.
  6711 | D:4      | Bought a scroll of identify for 20 gold pieces
  6711 | D:4      | Bought a scroll of enchant weapon for 75 gold pieces
  6741 | D:4      | Found a staircase to the Ecumenical Temple.
  6773 | Temple   | Entered the Ecumenical Temple
  6864 | Temple   | Became a worshipper of Fedhas Madash
  7281 | D:5      | Entered Level 5 of the Dungeon
  7307 | D:5      | Identified the +6 spear of Makhleb's Condemnation {chaos,
                  | *Slow MP+9 Int+9 Dex-3}
  7307 | D:5      | Identified the +1 scale mail "Goivine" {rElec}
  7307 | D:5      | Identified the +1 buckler of Inaction {Contam Harm Str+7
                  | SInv}
  7641 | D:5      | Reached skill level 5 in Spellcasting
  7914 | D:5      | Found a transporter.
  7935 | D:5      | Noticed superradish's ghost (novice HuCj)
  8084 | D:5      | Noticed Edmund
  8097 | D:5      | Killed Edmund
  8098 | D:5      | Reached skill level 7 in Stealth
  8293 | D:5      | Found a transporter.
  8363 | D:5      | Reached * piety under Fedhas
  8364 | D:5      | Reached XP level 8. HP: 36/36 MP: 13/17
  8746 | D:5      | Found a sparkling altar of Nemelex Xobeh.
  9055 | D:4      | Bought a scroll of enchant weapon for 75 gold pieces
  9244 | D:6      | Reached skill level 8 in Stealth
  9330 | D:6      | Reached skill level 1 in Evocations
  9361 | D:6      | Reached ** piety under Fedhas
  9362 | D:6      | Reached skill level 1 in Invocations
  9587 | D:6      | Reached skill level 5 in Short Blades
  9702 | D:6      | Noticed Eustachio
  9720 | D:6      | Killed Eustachio
  9721 | D:6      | Reached XP level 9. HP: 18/39 MP: 16/19
 10529 | D:6      | Noticed Blork the orc
 10542 | D:6      | Killed Blork the orc
 10543 | D:6      | Reached skill level 9 in Stealth
 10774 | D:7      | Noticed Menkaure
 10783 | D:7      | Killed Menkaure
 10845 | D:7      | Found a flagged portal.
 10857 | Bailey   | Entered a bailey
 11591 | Bailey   | Reached skill level 5 in Ranged Weapons
 11692 | Bailey   | Noticed an orc knight
 11733 | Bailey   | Killed an orc knight
 11734 | Bailey   | Reached XP level 10. HP: 43/44 MP: 8/22
 11888 | Bailey   | Found an iron altar of Okawaru.
 11954 | D:7      | Reached skill level 10 in Stealth
 12006 | D:7      | Reached skill level 5 in Evocations
 12022 | D:7      | Reached *** piety under Fedhas
 12505 | D:6      | Learned a level 3 spell: Dazzling Flash
 12508 | D:6      | Learned a level 2 spell: Blink
 12512 | D:6      | Learned a level 3 spell: Ignite Poison
 12516 | D:6      | Learned a level 3 spell: Mephitic Cloud
 12657 | D:7      | Found a glowing golden altar of the Shining One.
 12818 | D:7      | Found a shimmering blue altar of Sif Muna.
 13166 | D:7      | Reached skill level 1 in Translocations
 13255 | D:7      | Found a snail-covered altar of Cheibriados.
 13804 | D:8      | Found a transporter.
 13812 | D:8      | Noticed a moth of wrath
 13848 | D:8      | Reached skill level 1 in Poison Magic
 13928 | D:8      | Found a transporter.
 13932 | D:8      | Noticed sanboga's ghost (novice GrEE)
 15178 | D:5      | Killed superradish's ghost
 15203 | D:5      | Reached **** piety under Fedhas
 15698 | D:8      | Found an ornate altar of the Wu Jian Council.
 16414 | D:9      | Noticed a two-headed ogre
 16529 | D:8      | Reached skill level 11 in Stealth
 16559 | D:8      | Killed a two-headed ogre
 16560 | D:8      | Reached skill level 5 in Invocations
 16919 | D:9      | Reached skill level 5 in Translocations
 17088 | D:9      | Reached XP level 11. HP: 47/47 MP: 24/24
 17114 | D:9      | Found a staircase to the Lair.
 17337 | D:10     | Entered Level 10 of the Dungeon
 17747 | D:10     | Found a white marble altar of Elyvilon.
 17934 | D:10     | Reached ***** piety under Fedhas
 18303 | D:11     | Noticed a two-headed ogre
 18308 | D:11     | Killed a two-headed ogre
 18348 | D:11     | Noticed a white ugly thing
 18557 | D:11     | Noticed a deep elf pyromancer
 18559 | D:11     | Killed a deep elf pyromancer
 18560 | D:11     | Reached skill level 5 in Poison Magic
 18940 | D:11     | Reached skill level 12 in Stealth
 19073 | D:11     | Killed a white ugly thing
 19456 | D:11     | Noticed a two-headed ogre
 19463 | D:11     | Killed a two-headed ogre
 19612 | D:12     | Noticed Fannar
 19617 | D:12     | Killed Fannar
 19631 | D:12     | Noticed a boulder beetle
 20344 | D:12     | Killed a boulder beetle
 20345 | D:12     | Reached XP level 12. HP: 28/51 MP: 22/25
 20554 | D:12     | Noticed Kirke
 20656 | D:12     | Found a staircase to the Orcish Mines.
 20730 | D:12     | Reached skill level 13 in Stealth
 21882 | D:12     | Killed Kirke
 22339 | Lair:1   | Entered Level 1 of the Lair of Beasts
 22705 | Lair:1   | Noticed a catoblepas
 22721 | Lair:1   | Slain by a catoblepas

Illustrated notes

Levels and vault maps discovered:
D:1:      evilmike_arrival_plus, layout_basic,
          chequers_ecumenical_altar_simple_redux, minmay_cupped
D:2:      layout_basic, basic_altar, uniq_terence, uniq_robin
D:3:      layout_rooms, uniq_jessica, uniq_sigmund, uniq_ijyb
D:4:      layout_basic, minmay_temple_entry_hall, serial_shops,
          nicolae_stop_n_shop_2, minivault_24, minmay_parallelograms
D:5:      layout_loops_corners, nemelex_dance_club_becter,
          gammafunk_ghost_gnarly_gnolls, uniq_edmund
D:6:      layout_loops_ring, uniq_blork_the_orc, uniq_eustachio
D:7:      layout_basic, mainiacjoe_overflow_divided_tiny,
          cheibrodos_worm_habitat, enter_bailey_3,
          chequers_serial_rivers_large_a, grunt_ministairs_11, hex_large,
          kennysheep_small_spiral, nrook_campfire, uniq_menkaure
D:8:      layout_loops_cross, mainiacjoe_overflow_cross_hatched,
          gammafunk_ghost_berserking_beasts, skrybe_limestone_x, minivault_23
D:9:      cheibrodos_iron_armory, layout_cross, erik_lair_dragon
D:10:     layout_roguey, nicolae_overflow_crystal_walls, special_room
          [special_room_orc]
D:11:     layout_basic
D:12:     layout_cave_pools, orc_0_dummy, uniq_fannar, uniq_kirke
D:13:     layout_roguey, erik_vaults_2, nicolae_kite_square_tiling_tiny,
          door_vault
Temple:   lightli_temple_of_artemis
Lair:1:   layout_chaotic_city, lemuel_fruit_fields

Skill      XL: |  1  2  3  4  5  6  7  8  9 10 11 12 |
---------------+-------------------------------------+-----
Dodging        | 3 4 5 6 7 8 |  8.0
Spellcasting   | 3 4 5 6 7 8 |  8.0
Short Blades   | 2 3 4 5 |  5.0
Ranged Weapons | 1 2 3 4 5 6 8 |  8.8
Stealth        | 5 6 7 8 9 11 12 13 | 13.5
Hexes          | 4 5 6 7 8 |  8.0
Evocations     | 2 4 5 6 |  6.9
Invocations    | 1 3 5 7 |  7.7
Translocations | 5 8 |  8.0
Poison Magic   | 3 5 6 |  6.6

Action                   |  1- 3 |  4- 6 |  7- 9 | 10-12 || total
-------------------------+-------+-------+-------+-------++-------
Melee: Dagger            |    48 |   102 |   253 |   418 ||   821
       Punch             |       |     1 |     1 |     5 ||     7
 Fire: Sling             |    98 |    49 |    24 |    28 ||   199
       Shortbow          |       |       |       |    67 ||    67
 Cast: Ensorcelled Hiber |    16 |    47 |    59 |    94 ||   216
       Confusing Touch   |       |     7 |    35 |    65 ||   107
       Mephitic Cloud    |       |       |       |     9 ||     9
Invok: Wall of Briars    |       |       |     2 |     4 ||     6
Evoke: Wand              |       |       |       |     4 ||     4
  Use: Scroll            |       |       |     6 |     6 ||    12
 Stab: Sleeping          |    10 |    28 |    45 |    68 ||   151
       Confused          |       |     4 |    32 |    58 ||    94
Armor: Robe              |    10 |     4 |     7 |    16 ||    37
       Steam dragon scal |       |       |       |    13 ||    13
Dodge: Dodged            |   119 |    77 |   157 |   330 ||   683
